 Dungeon Crawl Stone Soup version 0.28-a0-1493-g08698888e4 (webtiles) character file.

Game seed: 8524993314969255872

863 HallandMoats the Skirmisher (level 8, -10/70 HPs)
             Began as a Ghoul Fighter on Jan 12, 2022.
             Was an Initiate of Jiyva.
             Mangled by a black bear (11 damage)
             ... on level 5 of the Dungeon.
             The game lasted 00:06:36 (5139 turns).

HallandMoats the Skirmisher (Ghoul Fighter)         Turns: 5139, Time: 00:06:36

Health: -10/70     AC:  8    Str: 20    XL:     8   Next: 3%
Magic:  7/7        EV: 10    Int:  5    God:    Jiyva [......]
Gold:   210        SH:  4    Dex:  8    Spells: 7/7 levels left

rFire   + . .      SeeInvis .   a - +3 hand axe (freeze)
rCold   + + .      Faith    .   c - +0 buckler
rNeg    + + +      Spirit   .   l - +0 scale mail
rPois   ∞          Reflect  .   x - +0 helmet
rElec   +          Harm     .   (no cloak)
rCorr   +          Rampage  .   (no gloves)
Will    .....                   (no boots)
Stlth   ..........              (no amulet)
HPRegen 0.00/turn               (no ring)
MPRegen 0.10/turn               (no ring)

@: resistant, inhibited regen
A: claws 1, cold resistance 1, negative energy resistance 3, inhibited
regeneration, torment resistance 2
a: Renounce Religion


You were on level 5 of the Dungeon.
You worshipped Jiyva.
Jiyva was noncommittal.
You visited 2 branches of the dungeon, and saw 6 of its levels.
You also visited: Sewer.

You collected 249 gold pieces.
You spent 39 gold pieces at shops.

Inventory:

Hand Weapons
 a - a +3 hand axe of freezing (weapon)
 b - a +2 dagger of venom
Armour
 c - a +0 buckler (worn)
 l - a +0 scale mail (worn)
 x - a +0 helmet (worn)
Jewellery
 n - a ring of magical power
Wands
 w - a wand of iceblast (15)
Scrolls
 f - a scroll of magic mapping {unknown}
 g - 2 scrolls of noise {unknown}
 h - a scroll of teleportation
 i - a scroll of enchant weapon {unknown}
 k - a scroll of enchant armour {unknown}
 p - a scroll of holy word {unknown}
 s - a scroll of blinking
 t - 2 scrolls of immolation {unknown}
 u - a scroll of fog {unknown}
 v - 2 scrolls of vulnerability {unknown}
 y - a scroll of fear {unknown}
Potions
 d - a potion of might
 e - a potion of flight {unknown}
 j - a potion of resistance
 m - a potion of curing
 o - a potion of ambrosia {unknown}
 q - a potion of degeneration {unknown}
 r - a potion of brilliance {unknown}
 z - a potion of mutation {unknown}


   Skills:
 * Level 6.2 Fighting
 * Level 4.5 Axes
 + Level 4.0 Armour
 + Level 2.6 Dodging
 + Level 4.0 Shields


You had 7 spell levels left.
You didn't know any spells.
Your spell library contained the following spells:

 Spells                   Type           Power      Damage    Failure   Level
 Gell's Gravitas          Tloc           0%         N/A       99%         3
 Lesser Beckoning         Tloc           0%         N/A       99%         3
 Teleport Other           Tloc           0%         N/A       99%         3
 Tukima's Dance           Hex            0%         N/A       99%         3
 Passage of Golubria      Tloc           0%         N/A       100%        4
 Summon Forest            Summ/Tloc      0%         N/A       100%        5
 Summon Mana Viper        Hex/Summ       0%         N/A       100%        5
 Yara's Violent Unravell  Hex/Tmut       0%         3d3       100%        5
 Summon Cactus Giant      Summ           0%         N/A       100%        6


Dungeon Overview and Level Annotations

Branches:
Dungeon (5/15)             Temple (1/1) D:5           Sewer (visited)

Altars:
Cheibriados
Dithmenos
Gozag
Hepliaklqana
Nemelex Xobeh
Qazlal
Ru
Sif Muna
Uskayaw
Vehumet
Xom
Yredelemnul
Zin
Jiyva

Shops:
D:1 ([!?

Annotations:
D:4 1 runed translucent door, ders's ghost, amateur DjFE


Innate Abilities, Weirdness & Mutations

You thrive by killing the living.
You are immune to poison.
You have sharp fingernails.
Your flesh is cold resistant. (rC+)
You are immune to negative energy. (rN+++)
You do not regenerate when monsters are visible.
You are immune to unholy pain and torment.


Message History

The black bear claws you but does no damage.
The black bear claws you.
You slash the black bear! You freeze the black bear.
The black bear is almost dead.
You barely miss the necrophage.
The black bear bites you but does no damage.
The black bear claws you but does no damage.
The black bear closely misses you. The necrophage hits you.
The black bear bites you. The black bear barely misses you.
The black bear claws you. The necrophage hits you. The black bear bites you!
* * * LOW HITPOINT WARNING * * *
The black bear misses you. The black bear claws you.
* * * LOW HITPOINT WARNING * * *
The black bear bites you.
* * * LOW HITPOINT WARNING * * *
The black bear claws you.
* * * LOW HITPOINT WARNING * * *
The black bear claws you.
* * * LOW HITPOINT WARNING * * *
It was a potion of resistance.
You feel protected. You block the black bear's attack.
The black bear claws you.
* * * LOW HITPOINT WARNING * * *
The black bear claws you but does no damage.
It was a potion of curing.
You feel better.
The black bear bites you but does no damage.
The black bear claws you.
* * * LOW HITPOINT WARNING * * *
The black bear claws you but does no damage.
The necrophage hits you but does no damage.
The black bear barely misses you.
The black bear claws you but does no damage.
The black bear barely misses you.
You barely miss the black bear.
The black bear is almost dead.
You hit the necrophage. The necrophage hits you.
* * * LOW HITPOINT WARNING * * *
The black bear bites you!
You die...

#..[..... ...........
..........# ..........#
..........# ##+### .
......#.8.###....# ..
............#....#
.........8.>.8..@n..#
......###.....###h.##
...... ##.8.## #.........
......####.######.........
.................#........
####.............#......##
#.............#..###.#
#.............#..# .#
#......########..# #


You could see a black bear (berserk) and a necrophage.

Vanquished Creatures
  An ogre (D:4)
  2 scorpions (D:3)
  2 bullfrogs (Sewer)
  A water moccasin skeleton (D:4)
  A hound (D:4)
  A jelly (D:5)
  An iguana (D:4)
  Jessica (D:2)
  2 orc wizards
  A hound skeleton (D:2)
  A howler monkey zombie (D:5)
  Robin (D:4)
  12 adders
  A white imp (D:5)
  2 ufetubi (D:4)
  An adder skeleton (D:4)
  3 worms
  2 dart slugs
  8 orcs
  10 ball pythons
  13 endoplasms
  13 giant cockroaches
  12 goblins
  14 hobgoblins
  7 jackals (D:1)
  6 kobolds
  6 quokkas
  2 bats (D:1)
  12 frilled lizards
  7 rats
146 creatures vanquished.

Vanquished Creatures (others)
  17 plants (D:1)
  2 withered plants (D:4)
19 creatures vanquished.

Grand Total: 165 creatures vanquished

Notes
Turn   | Place    | Note
-------+----------+-------------------------------------------
     0 | D:1      | HallandMoats the Ghoul Fighter began the quest for the Orb.
     0 | D:1      | Reached XP level 1. HP: 19/19 MP: 0/0
    99 | D:1      | Found Heezxo Ulue's Weapon Shoppe.
   113 | D:1      | Found Ewoufead's Antique Armour Emporium.
   121 | D:1      | Reached XP level 2. HP: 20/26 MP: 1/1
   295 | D:1      | Found Apruley's Magic Scroll Emporium.
   301 | D:1      | Bought a scroll of teleportation for 39 gold pieces
   348 | D:1      | Found Ydwech's Distillery.
   485 | D:1      | Reached XP level 3. HP: 33/33 MP: 2/2
  1244 | D:2      | Reached skill level 4 in Fighting
  1249 | D:2      | Reached XP level 4. HP: 38/40 MP: 3/3
  1373 | D:2      | Noticed Jessica
  1387 | D:2      | Killed Jessica
  1388 | D:2      | Reached skill level 1 in Dodging
  1695 | D:2      | Reached XP level 5. HP: 39/47 MP: 4/4
  2364 | D:3      | Reached XP level 6. HP: 55/55 MP: 5/5
  2658 | D:3      | Reached skill level 5 in Fighting
  2815 | D:3      | Found a glowing drain.
  2883 | Sewer    | Entered a sewer
  3147 | Sewer    | Reached XP level 7. HP: 46/61 MP: 6/6
  3467 | D:4      | Found a runed translucent door.
  3467 | D:4      | Noticed ders's ghost (amateur DjFE)
  3645 | D:4      | Noticed Robin
  3667 | D:4      | Killed Robin
  3943 | D:4      | Found a hazy altar of Hepliaklqana.
  4231 | D:4      | Reached skill level 6 in Fighting
  4577 | D:4      | Found a stormy altar of Qazlal.
  4850 | D:5      | Entered Level 5 of the Dungeon
  4864 | D:5      | Reached XP level 8. HP: 70/70 MP: 7/7
  4933 | D:5      | Found a staircase to the Ecumenical Temple.
  4956 | Temple   | Entered the Ecumenical Temple
  5092 | Temple   | Became a worshipper of Jiyva Jurch the Shapeless
  5137 | D:5      | HP: 3/70 [black bear (3)]
  5139 | D:5      | HP: 1/70 [necrophage (5)]
  5139 | D:5      | Mangled by a black bear

Illustrated notes

Levels and vault maps discovered:
D:1:      matt_arrival_diagonals, layout_loops_ring, serial_shops,
          nicolae_shop_hallway_plus, nicolae_square_shop, shop, shop_statue,
          serial_bayou_lake_a
D:2:      minmay_door_path, layout_loops_ring, uniq_jessica
D:3:      wad_pebble_path, layout_basic, gup_sewer_entry_glass
D:4:      layout_loops_ring, nzn_hepliaklqana_mist_gate, grunt_qazlal_clouds,
          gammafunk_ghost_grave, minmay_increasing_density, uniq_robin
D:5:      layout_basic, minmay_temple_entry_statues_pillars, uniq_pikel
Temple:   pf_slimified_temple

Skill      XL: |  1  2  3  4  5  6  7 |
---------------+----------------------+-----
Axes           | 2 3 4 |  4.5
Fighting       | 4 5 6 |  6.2
Armour         | 3 4 |  4.0
Dodging        | 1 2 |  2.6
Shields        | 3 4 |  4.0

Action                   |  1- 3 |  4- 6 |  7- 9 || total
-------------------------+-------+-------+-------++-------
Melee: War axe           |   123 |    18 |       ||   141
       Dagger            |       |   213 |   161 ||   374
       Hand axe          |       |       |    26 ||    26
  Use: Potion            |       |       |     2 ||     2
Armor: Scale mail        |    57 |   102 |    68 ||   227
Dodge: Dodged            |    65 |   106 |    92 ||   263
Block: Buckler           |    17 |    42 |    43 ||   102

Table legend: (Time is in decaauts)
 A = Elapsed time spent in this place.
 B = Non-inter-level travel time spent in this place.
 C = Inter-level travel time spent in this place.
 D = Time resting spent in this place.
 E = Time spent auto-exploring this place.
 F = Levels seen in this place.
 G = Mean time per level.
                   A        B        C        D        E       F      G
               +--------+--------+--------+--------+--------+-----+--------+
         Total |   5300 |   5196 |    104 |      0 |   3973 |   7 |  757.1 |
       Dungeon |   4809 |   4705 |    104 |      0 |   3750 |   5 |  961.8 |
        Temple |    153 |    153 |      0 |      0 |     95 |   1 |  153.0 |
         Sewer |    337 |    337 |      0 |      0 |    127 |   1 |  337.0 |
               +--------+--------+--------+--------+--------+-----+--------+

Top non-repeatable levels by time:
     D:4: 1561 daAuts
     D:2: 1466 daAuts
     D:1: 896 daAuts
     D:3: 747 daAuts
   Sewer: 337 daAuts
  Temple: 153 daAuts
     D:5: 137 daAuts
